Cogmind - Beta 15 @@@ ROGUE MODE // 2025.07.21 @ 13:36:40 Player: Sunsh1n3 Result: Destroyed by C-17 Slicer with Blade Saw Performance ------------- Evolutions (2) 1000 Regions Visited (3) 600 Robots Destroyed (37) 185 Value Destroyed (1072) 1072 Prototype IDs (0) 0 Alien Tech Used (0) 0 Bonus (0) 0 TOTAL SCORE: 2857 Bonus ------- None Cogmind --------- Core Integrity 0/550 Matter 241/300 Energy 100/100 System Corruption 0% Temperature Cool (0) Movement Core (200) Ox3 Location -8/Materials Parts ------- > --- POWER (1) -------- (None) > --- PROPULSION (4) --- (None) > --- UTILITY (3) ------ Medium Storage Unit > --- WEAPON (3) ------- (None) > --- INVENTORY (10) --- Light Ion Engine Light Nuclear Core Carbon-fiber Leg Small Storage Unit Advanced Targeting Computer Light Armor Plating Medium Armor Plating Hacking Suite Peak State ------------ > --- POWER ------------ Light Nuclear Core > --- PROPULSION ------- Aluminum Leg Aluminum Leg Aluminum Leg Carbon-fiber Leg > --- UTILITY ---------- Medium Storage Unit Hacking Suite Hacking Suite > --- WEAPON ----------- Heavy Laser High-powered Shotgun High-powered Shotgun > --- INVENTORY -------- Light Ion Engine Light Nuclear Core Aluminum Leg Carbon-fiber Leg Small Storage Unit Advanced Targeting Computer Light Armor Plating Medium Armor Plating Hacking Suite Shotgun [Rating: 28] Favorites ----------- Power Light Ion Engine Engine Light Ion Engine Power Core Light Nuclear Core Propulsion Aluminum Leg Treads Light Treads Leg Aluminum Leg Utility Hacking Suite Storage Medium Storage Unit Hackware Hacking Suite Weapon Light Assault Rifle Energy Gun Small Laser Ballistic Gun Light Assault Rifle Launcher Rocket Launcher Build | -11 -10 -9 -8 ------- Run | Yrd Mat Mat Mat Slots Evolved 4 | . . 2 2 Power . | . . . . Propulsion 2 | . . 2 . Utility 1 | . . . 1 Weapon 1 | . . . 1 Parts Attached 44 | 6 8 14 16 Power 10 | 1 3 2 4 Engine 8 | 1 3 2 2 Core 2 | . . . 2 Reactor . | . . . . Propulsion 14 | 2 2 4 6 Treads 3 | 2 . 1 . Leg 11 | . 2 3 6 Wheel . | . . . . Hover . | . . . . Flight . | . . . . Utility 5 | 1 1 2 1 Device . | . . . . Storage 3 | 1 1 1 . Processor . | . . . . Hackware 2 | . . 1 1 Protection . | . . . . Artifact . | . . . . Weapon 15 | 2 2 6 5 Energy Gun 3 | 2 . . 1 Energy Cannon . | . . . . Ballistic Gun 11 | . 2 5 4 Ballistic Cannon . | . . . . Launcher 1 | . . 1 . Special Weapon . | . . . . Impact Weapon . | . . . . Slashing Weapon . | . . . . Piercing Weapon . | . . . . Special Melee Weapon . | . . . . Unidentified Prototypes . | . . . . Parts Lost 16 | . 4 7 5 Power 4 | . 1 1 2 Propulsion 5 | . 1 3 1 Utility 1 | . . 1 . Weapon 6 | . 2 2 2 Highest Loss Streak 2 | . 2 2 2 To Critical Strikes 2 | . 2 . . Average Backups 6 | 2 3 6 9 Power 2 | . 1 2 2 Propulsion 1 | 1 1 . 1 Utility 1 | . . 1 3 Weapon 1 | . . 1 1 Tool/Special . | . . . . Unused Backups 5 | . . . 5 Power . | . . . . Propulsion 1 | . . . 1 Utility 4 | . . . 4 Weapon . | . . . . Tool/Special . | . . . . Average Slot Usage (%) 89 | . 97 82 90 Engine 9 | . 13 10 5 Core 1 | . . . 2 Treads 5 | . 14 3 . Leg 24 | . 12 26 32 Storage 17 | . 27 17 9 Hackware 6 | . . 3 16 Energy Gun 4 | . 13 . 1 Ballistic Gun 19 | . 14 21 21 Peak Build Rating 28 | 6 7 16 28 Average Rating 12 | 3 6 9 21 On Entrance 7 | . 6 7 16 Naked Turns . | . . . . Heaviest Build 26 | 10 14 24 26 Greatest Support 48 | 40 40 43 48 Greatest Overweight (x) 3 | . . 1 3 Average Overweight (x) . | . . . . Largest Inventory Capacity 10 | 8 8 10 10 Average Capacity 9 | 6 8 9 10 Most Carried 10 | 4 5 10 10 Average Carried 6 | 2 3 6 9 Final Capacity 10 | 8 8 10 10 Final Carried 9 | 3 5 9 8 Class Distribution -------------------- 55% | Mutant 17% | Scavenger-Mutant 15% | Hacker-Gunner 10% | Scavenger-Gunner Dominant Class ---------------- Mutant | -10/Materials Mutant | -9/Materials Hacker-Gunner | -8/Materials Resources | -11 -10 -9 -8 ----------- Run | Yrd Mat Mat Mat Matter Collected 1188 | 146 142 374 526 Remotely . | . . . . Salvage Created 1153 | . 155 452 546 Parts 79 | . 19 30 30 Haulers Intercepted . | . . . . Recyclers Shooed . | . . . . Parts Field Recycled . | . . . . Retrieved Matter . | . . . . Parts Self-Destructed . | . . . . Prevented . | . . . . Kills | -11 -10 -9 -8 ------- Run | Yrd Mat Mat Mat Combat Hostiles Destroyed 32 | . 8 13 11 Guns 30 | . 8 11 11 AOE 2 | . . 2 . Classes Destroyed 6 | . 3 2 1 Worker 2 | . 1 . 1 Watcher 3 | . . 2 1 Swarmer 13 | . 7 6 . Grunt 12 | . 1 2 9 Sentry 6 | . . 5 1 Hunter 1 | . . . 1 Best Kill Streak 4 | . 4 4 4 Combat Bots Only 4 | . 4 4 4 Max Kills in Single Turn 1 | . 1 1 1 Gunslinging . | . . . . Exploded 1 | . . 1 . Melee . | . . . . Uniques/NPCs Destroyed . | . . . . Combat | -11 -10 -9 -8 -------- Run | Yrd Mat Mat Mat Hostile Shots Fired 372 | . 137 113 122 Missed 99 | . 42 25 32 Hits 273 | . 95 88 90 Melee 40 | . . . 40 Projectile 233 | . 95 88 50 Critical Strikes 23 | . 2 2 19 Damage Taken 3456 | . 771 1113 1572 Core 902 | . 162 179 561 Absorbed by Shields . | . . . . Regen/Repaired (Parts) 160 | . . 160 . Core Remaining (%) 63 | 100 35 55 . Volleys Fired 135 | . 33 58 44 Largest 3 | . 2 2 3 Hottest 119 | . 80 53 119 Shots Fired 287 | . 55 117 115 Gun 284 | . 55 114 115 Cannon . | . . . . Launcher 3 | . . 3 . Special . | . . . . Kinetic 249 | . 25 114 110 Thermal 35 | . 30 . 5 Explosive 3 | . . 3 . Electromagnetic . | . . . . Robot Hit Streak 15 | . 4 15 10 Robot Miss Streak 7 | . 4 4 7 Penetration Max . | . . . . Secondary Targets 4 | . 4 . . Max Gunslinging Chain 1 | . 1 . . Shots Hit Robots 179 | . 28 78 73 Core Hits 85 | . 13 30 42 Critical Kills 1 | . . 1 . Critical Parts Destroyed 1 | . . 1 . Critical Strikes 2 | . . 2 . Destroy 2 | . . 2 . Melee Attacks . | . . . . Impact . | . . . . Slashing . | . . . . Piercing . | . . . . Sneak Attacks . | . . . . Combat Hostiles . | . . . . Follow-up Attacks . | . . . . Damage Inflicted 2278 | . 280 843 1155 Guns 2106 | . 280 703 1123 Cannons . | . . . . Explosions 140 | . . 140 . Melee . | . . . . Ramming 32 | . . . 32 Kinetic 1848 | . 95 703 1050 Thermal 278 | . 185 20 73 Explosive 120 | . . 120 . Electromagnetic . | . . . . Impact . | . . . . Slashing . | . . . . Piercing . | . . . . Highest Corruption 3 | . . 3 . Average Corruption 2 | . . 2 . Corruption Purged . | . . . . Corruption Blocked . | . . . . Effects 4 | . . 4 . Message Errors 1 | . . 1 . Matter Fused 1 | . . 1 . Misfires 1 | . . 1 . Alerts 1 | . . 1 . Overload Shots . | . . . . Overflow Damage 3 | . . 3 . Projectiles . | . . . . Explosions 3 | . . 3 . Melee . | . . . . Knockbacks . | . . . . Impact . | . . . . Kinetic . | . . . . Secondary . | . . . . Self-Inflicted Damage 139 | . . 131 8 Shots 4 | . . 4 . Rammed 21 | . . . 21 Targets Rammed 25 | . . . 25 Kicked 4 | . . . 4 Crushed . | . . . . Highest Temperature 161 | . 54 25 161 Average Temperature 23 | . 16 5 40 Received Heat Transfer 612 | . 12 294 306 Siege Activations . | . . . . Martial Activations . | . . . . Shielding Activations . | . . . . Robots Disrupted . | . . . . Combat Hostiles . | . . . . Robots Corrupted . | . . . . Combat Hostiles . | . . . . Parts Fried . | . . . . Impact Corruptions . | . . . . Robots Melted . | . . . . Combat Hostiles . | . . . . Parts Melted . | . . . . Heat Transferred 623 | . 425 50 148 Parts Sabotaged . | . . . . Parts Stolen . | . . . . Parts Stripped . | . . . . Power Chain Reactions . | . . . . Alert | -11 -10 -9 -8 ------- Run | Yrd Mat Mat Mat Maximum Alert Level . | . . . . Low Security (%) 100 | 100 100 100 100 Level 1 . | . . . . Level 2 . | . . . . Level 3 . | . . . . Level 4 . | . . . . Level 5 . | . . . . High Security . | . . . . Max Security . | . . . . Peak Influence 188 | . 69 179 188 Initial 48 | . . . 48 Average 66 | . 11 68 122 Influence Increases 1085 | . 199 443 443 Destroy 0b10 Robot/C 640 | . 160 260 220 Destroy 0b10 Robot/NC 25 | . 5 10 10 Destroy Leader 136 | . 20 74 42 Successful Hack 22 | . 14 2 6 Disable Machine 45 | . . 45 . Destroy Structure 37 | . . 37 . Lose Combat Pursuer 180 | . . 15 165 Influence Decreases 954 | . 199 328 427 Entered New Map 67 | . . . 67 Time Decay 678 | . 100 268 310 Lost Part 150 | . 40 60 50 Purge Threat 59 | . 59 . . Squads Dispatched 4 | . 1 1 2 Investigation 2 | . . 1 1 Extermination . | . . . . Reinforcement 2 | . 1 . 1 Assault . | . . . . Garrison . | . . . . Intercept . | . . . . Searches Triggered . | . . . . Construction Impeded . | . . . . Haulers Reinforced . | . . . . Active Scanning Responses . | . . . . Cargo Convoy Interrupts . | . . . . Stealth | -11 -10 -9 -8 --------- Run | Yrd Mat Mat Mat Distress Signals 8 | . 2 1 5 Communications Jammed . | . . . . Distress Signals . | . . . . Times Spotted 63 | . 14 21 28 Peak Tracking Total 8 | . 8 6 5 Tactical Retreats 7 | . . 1 6 Traps | -11 -10 -9 -8 ------- Run | Yrd Mat Mat Mat Traps Triggered 4 | . . 3 1 Indirectly . | . . . . Trap Hack Attempts . | . . . . Triggered . | . . . . Disarmed 2 | . . . 2 Reprogrammed . | . . . . Reused . | . . . . Traps Extracted . | . . . . Installed . | . . . . Triggered . | . . . . Machines | -11 -10 -9 -8 ---------- Run | Yrd Mat Mat Mat Machines Disabled 3 | . . 3 . Max in Single Turn 2 | . . 2 . Machines Repaired . | . . . . Machines Dismantled . | . . . . Machines Sabotaged . | . . . . Overloaded Fab Kills . | . . . . Hacking | -11 -10 -9 -8 --------- Run | Yrd Mat Mat Mat Machines Accessed 6 | . 3 1 2 Terminals 5 | . 3 . 2 Fabricators . | . . . . Repair Stations 1 | . . 1 . Recycling Units . | . . . . Scanalyzers . | . . . . Garrison Access . | . . . . Total Hacks 15 | . 5 4 6 Successful 10 | . 2 4 4 Failed 5 | . 3 . 2 Catastrophic . | . . . . Database Lockouts . | . . . . Manual 1 | . 1 . . Terminals 11 | . 5 . 6 Fabricators . | . . . . Repair Stations 4 | . . 4 . Recycling Units . | . . . . Scanalyzers . | . . . . Garrison Access . | . . . . Terminal Hacks 6 | . 2 . 4 Robot Analysis 2 | . 1 . 1 Alert Level 1 | . . . 1 Unreport Threat 1 | . 1 . . Disarm Traps 1 | . . . 1 Zone Layout 1 | . . . 1 Fabricator Hacks . | . . . . Repair Station Hacks 4 | . . 4 . Scan Component 2 | . . 2 . Repair 2 | . . 2 . Recycling Unit Hacks . | . . . . Scanalyzer . | . . . . Garrison Access Hacks . | . . . . Unauthorized Hacks . | . . . . Terminals . | . . . . Fabricators . | . . . . Repair Stations . | . . . . Recycling Units . | . . . . Scanalyzers . | . . . . Garrison Access . | . . . . Data Cores Recovered . | . . . . Used . | . . . . Hacking Detections 7 | . 4 1 2 Full Trace Events 1 | . . . 1 Feedback Events . | . . . . Feedback Blocked . | . . . . Robot Schematics Acquired . | . . . . Robots Built . | . . . . Authchips . | . . . . Time . | . . . . Total Robot Build Rating . | . . . . Part Schematics Acquired . | . . . . Parts Built . | . . . . Authchips . | . . . . Time . | . . . . Total Part Build Rating . | . . . . Parts Repaired 2 | . . 2 . Time 52 | . . 52 . Parts Recycled . | . . . . Recycled Matter . | . . . . Retrieved Matter . | . . . . Retrieved Components . | . . . . Parts Scanalyzed . | . . . . Part Schematics Acquired . | . . . . Parts Damaged . | . . . . Bothacking | -11 -10 -9 -8 ------------ Run | Yrd Mat Mat Mat Used RIF Installer . | . . . . Robots Hacked . | . . . . Non-combat . | . . . . Combat . | . . . . Robot Hacks Applied . | . . . . Relay Couplers Released . | . . . . Fabnet Peak Effective % . | . . . . Robots Rewired . | . . . . Allies Hacked . | . . . . Hacks Repelled . | . . . . Allies | -11 -10 -9 -8 -------- Run | Yrd Mat Mat Mat Total Allies . | . . . . Largest Group . | . . . . Highest-Rated Group . | . . . . Highest-Rated Ally . | . . . . Total Orders . | . . . . Ally Attacks . | . . . . Total Damage . | . . . . Kills . | . . . . Allies Corrupted . | . . . . Allies Melted . | . . . . Intel | -11 -10 -9 -8 ------- Run | Yrd Mat Mat Mat Active Infowar (turns) . | . . . . Robot Analysis Total 2 | . 1 . 1 Derelict Logs Recovered . | . . . . Drone Launches . | . . . . Drone Recoveries . | . . . . Exploration | -11 -10 -9 -8 ------------- Run | Yrd Mat Mat Mat Turns Passed 2109 | 140 575 705 689 Spaces Moved 1143 | 91 349 362 341 Core 17 | 16 . . 1 Treads 234 | 75 145 14 . Legs 892 | . 204 348 340 Wheels . | . . . . Hover . | . . . . Flight . | . . . . Fastest Speed 50 | 50 120 120 120 Average Speed 129 | 140 136 129 120 Slowest Speed 240 | 160 160 240 200 Overloaded Moves . | . . . . Propulsion Burnouts . | . . . . Robots Hopped . | . . . . Potential Cave-ins . | . . . . Cave-ins Triggered . | . . . . Exploration Rate (%) 27 | 5 47 27 29 Regions Visited 3 Branch Regions . Pre-discovered Areas . | . . . . Known Exits Taken . | . . . . Unknown Exits Taken 3 | 1 1 1 . Scrap Searched . | . . . . Spaces Dug . | . . . . Terrain Destroyed 36 | . . 36 . Melee . | . . . . Projectile . | . . . . AOE 36 | . . 36 . Terrain Rammed . | . . . . Walls Destroyed . | . . . . Machines Disabled . | . . . . Actions | -11 -10 -9 -8 --------- Run | Yrd Mat Mat Mat Total 1513 | 101 395 503 514 Wait 113 | . 3 50 60 Move 1140 | 90 348 361 341 Hop . | . . . . Pick Up 27 | 5 2 10 10 Fast Attach 15 | 4 3 5 3 Attach 23 | 2 3 9 9 Detach 4 | . 1 2 1 Swap 16 | . 2 5 9 Drop 15 | . . 3 12 Fire 135 | . 33 58 44 Melee . | . . . . Ram 21 | . . . 21 Kick 4 | . . . 4 Crush . | . . . . Escape Stasis . | . . . . Rewire . | . . . . Trap . | . . . . Miscellaneous . | . . . . Route ------- -11/Scrapyard -10/Materials (discovered 2 exits: *Mat / [*Min]) -9/Materials (discovered 2 exits: *Mat / [*Min]) -8/Materials (discovered 1 exit: [*Fac]) History --------- Turn | Location | Event 20 | -11/Scrapyard | Discovered new exit (range 15) 141 | -11/Scrapyard | Entered Materials 313 | -10/Materials | Build established: Mutant 364 | -10/Materials | Discovered new exit (range 8) 416 | -10/Materials | Core integrity fell below 50% 704 | -10/Materials | Discovered new exit (range 10) 716 | -10/Materials | Entered another Materials area 716 | -9/Materials | Evolved 2 slots: Propulsion x2 906 | -9/Materials | Discovered new exit (range 16) 1329 | -9/Materials | Repaired Aluminum Leg 1358 | -9/Materials | Repaired Aluminum Leg 1413 | -9/Materials | Discovered new exit (range 8) 1421 | -9/Materials | Entered another Materials area 1421 | -8/Materials | Evolved 2 slots: Utility x1, Weapon x1 1728 | -8/Materials | Build established: Hacker-Gunner 2027 | -8/Materials | Discovered new exit (range 16) 2079 | -8/Materials | Core integrity fell below 50% 2095 | -8/Materials | Core integrity fell below 20% 2110 | -8/Materials | Destroyed by C-17 Slicer with Blade Saw Last Messages --------------- 02057_ Lgt. Deuterium Engine destroyed. 02059_ Hacking Suite severed. 02059_ Slammed into C-17 Slicer. 02066_ R-06 Scavenger collects Aluminum Leg. 02067_ Slammed into C-17 Slicer. 02070_ R-06 Scavenger collects Hpw. Shotgun. 02073_ Acquired Hvy. Assault Rifle. 02074_ R-06 Scavenger collects Hpw. Shotgun. 02075_ Hvy. Assault Rifle severed. 02077_ Acquired Hvy. Assault Rifle. 02078_ Hvy. Assault Rifle severed. 02079_ Slammed into C-17 Slicer. 02081_ Hacking Suite severed. 02083_ Slammed into C-17 Slicer. 02091_ Destabilizing: Core damaged (-22). 02093_ Slammed into C-17 Slicer. 02100_ W-25 Informer sends out distress signal. 02102_ Kicked C-17 Slicer. 02103_ Aluminum Leg severed. 02104_ Slammed into C-17 Slicer. Map ----- +----------------------------------------------------+ | ??????# ?????# """ #####+######+########## ## | | ?? #### ##+### """"" ## = | | ??? ^ # """"" ## | | ???? / """"" ## | | ????""" "" # """ ## ################## | | ????""" Y" #? ??# #?????" #????????# | | ?# """ "" ####+#####! #?????" #????????# | | ?+ =* = * #?????" #????????# | | ?# [ ##### #????? #????????# "T" | | ?# ########+####+##???# #????? #????????# | | ??????# #???## ##???? #????????# | | ??????# """ !#???# ###+###########?# ## | | ??????# """"" #???# #?# ## | | ??????+ """"" ! #???# " #?# # | | ??????# """"" #???# #?# # | | ???????? """ "T" #???# ########### #?# # | | ????????? """ #???### ###??######## #?# # | | ????????###########?????# #????# """ # #?# + | | ????????????????????????# #????# """ + #?# # | | ????????????????????????# #????# """ # #?# # | | ????????????????????????# #????# # #?# ## | | ????????????????????????# #????# [ # #?# | | ????????????????????????#r#????# [ # #?# | | ????????????????????????#c############# #?# | | ????????????????????????#c## #??# #?# ## | | ????????????????????????#@## #??# ### #? | | ????????????????????????#c## #??# #? | | ??????????????##????????#[## """ #### ### #? | | ??????????????# #####=## """ + #??????? | | ????????? = # """ #####+####????? | | ?????????H T % + # #????? | | ??????????? # """ # #????? | | ???????????#### ######## """ # #????? | | ??????????????## ????????# """ # #????? | | ???????????????# ?????????# # """ #????? | | ???????????????#???????????######### """"" #????? | | ???????????????????????????????????# """"" #????? | | ???????????????????????????????????# """"" #????? | | ???????????????????????????????????# """ #????? | | ???????????????????????????????????#####?####????? | | ?????????????????????????????????????????????????? | | ?????????????????????????????????????????????????? | | ?????????????????????????????????????????????????? | | ?????????????????????????????????????????????????? | | ?????????????????????????????????????????????????? | | ?????????????????????????????????????????????????? | | ?????????????????????????????????????????????????? | | ?????????????????????????????????????????????????? | | ?????????????????????????????????????????????????? | | ?????????????????????????????????????????????????? | +----------------------------------------------------+ Best States ------------- Heat Dissipation 31 Energy Generation 14 Energy Capacity 265 Matter Stores 374 Matter Capacity 450 Sight Range 16 Terrain Scan Density 10 Evasion (%) 55 Recoil Reduction 2 Offensive Hacking 20 Item Schematics ----------------- None Robot Schematics ------------------ None Fabricated ------------ Nothing Repaired ---------- Aluminum Leg | 3% | -9/Materials Aluminum Leg | 18% | -9/Materials Alien Tech Used ----------------- None Achievements -------------- None Challenges ------------ None Game ------ Seed NeutronThermicDesublimator Manual? 0 Play Time 00:32:32 Cumulative 14.6 hours Start 2025.07.21 @ 09:15:35 End 2025.07.21 @ 13:36:40 Sessions 1 Manual Loads 0 Difficulty Rogue Special Mode None Game No. 32 Rogue 32 Adventurer 0 Explorer 0 Win Type - Total 0 Types 0/0/0/0/0/0/0/0/0/0 Lore% 9 Gallery% 17 Achievement% 16 Wizard Run 0 Options --------- Layout 1 ASCII 0 Keyboard 1 Movement Numpad Keybinds 0 Fullscreen 2 Font 24/Smallcaps Map View 50x35 Zoom Use 0% Tactical HUD 1 Map Filters NONE Filters NONE Steam 1 RUN: 34596f92-2c85-4a7c-9a39-edce678ba987